 Dungeon Crawl Stone Soup version 0.21-a0-414-gba8bdf1 (webtiles) character file.

184722 drevant the Warrior (level 17, -24/226 HPs)
             Began as a Demonspawn Abyssal Knight on Nov 2, 2017.
             Was the Champion of Lugonu.
             Killed from afar by a deep elf annihilator (42 damage)
             ... with a crystal spear
             ... on level 3 of the Elven Halls.
             The game lasted 01:43:07 (55609 turns).

drevant the Warrior (Demonspawn Abyssal Knight)    Turns: 55609, Time: 01:43:07

Health: -24/226    AC: 28    Str: 22    XL:     17   Next: 78%
Magic:  18/18      EV:  2    Int: 14    God:    Lugonu [******]
Gold:   2478       SH:  0    Dex: 15    Spells: 13/16 levels left

rFire    . . .     SeeInvis .   E - +7 spear (venom)
rCold    . . .     Gourm    +   (no shield)
rNeg     + + +     Faith    .   (armour currently unavailable)
rPois    +         Spirit   .   (helmet currently unavailable)
rElec    .         Reflect  .   (cloak currently unavailable)
rCorr    .         Harm     .   (gloves unavailable)
MR       ++...     NoTele   +   (boots unavailable)
Stlth    +.........             B - amulet of the gourmand
HPRegen  0.47/turn              m - +6 ring of slaying
MPRegen  0.16/turn              a - ring of protection from magic

@: mighty, tree-form, very slightly contaminated, hasted, very quick
A: foul stench 1, rot immunity, freezing cloud immunity
a: Depart the Abyss, Bend Space, Banish, Corrupt, Enter the Abyss, Brand Weapon
With Distortion, Renounce Religion


You were on level 3 of the Elven Halls.
You worshipped Lugonu.
Lugonu was exalted by your worship.
You were completely stuffed.
You were a tree.
You visited 4 branches of the dungeon, and saw 26 of its levels.
You visited the Abyss 2 times.
You also visited: Labyrinth, Sewer and Volcano.

You collected 3388 gold pieces.
You spent 910 gold pieces at shops.

Inventory:

Hand Weapons
 l - a +0 lajatang of freezing
 o - a +2 vampiric glaive
 E - a +7 spear of venom (weapon)
Armour
 D - a +3 chain mail of fire resistance
 H - the +5 ring mail of Fekome (melded) {*Drain Str+5}
   (You found it on level 4 of the Dungeon)

   It affects your strength (+5).
   It causes draining when unequipped.
Jewellery
 a - a ring of protection from magic (right branch)
 f - an uncursed ring of magical power
 m - a +6 ring of slaying (left branch)
 B - an amulet of the gourmand (around neck)
 J - an uncursed ring of fire
 L - the ring of Xyrihiv {Ice Str+4 Int+4 Dex+3 SInv, unknown}
   (You took it off a deep elf sorcerer on level 3 of the Elven Halls)

   [ring of ice]

   It enhances your ice magic.
   It affects your strength (+4).
   It affects your intelligence (+4).
   It affects your dexterity (+3).
   It makes you vulnerable to fire.
   It protects you from cold.
   It lets you see invisible.
 Z - an uncursed ring of see invisible
Wands
 d - a wand of acid (3/15)
 r - a wand of clouds (6/9)
 x - a wand of iceblast (8/15)
 Q - a wand of iceblast (7/15)
 T - a wand of digging (12/24)
 V - a wand of acid (8/15)
 W - a wand of digging (19/24)
Scrolls
 b - 2 scrolls of recharging
 e - 3 scrolls of teleportation
 h - 13 scrolls of remove curse
 n - 5 scrolls of amnesia
 p - 4 scrolls of identify
 u - 3 scrolls of blinking
 v - 3 scrolls of enchant weapon
 G - 4 scrolls of enchant armour
Potions
 g - a potion of might
 j - 7 potions of flight
 k - 7 potions of curing
 t - 4 potions of brilliance
 y - a potion of cancellation {unknown}
 z - a potion of haste
 C - 2 potions of resistance
 F - a potion of magic
 I - 5 potions of invisibility
 P - 2 potions of mutation {unknown}
 R - 2 potions of lignification
 Y - a potion of ambrosia
Books
 i - a book of Maledictions

   Spells                             Type                      Level
   a - Corona                         Hexes                        1
   b - Ensorcelled Hibernation        Hexes/Ice                    2
   c - Confuse                        Hexes                        3
   d - Tukima's Dance                 Hexes                        3
   e - Dazzling Spray                 Conjuration/Hexes            3
 K - a book of Geomancy

   Spells                             Type                      Level
   a - Sandblast                      Earth                        1
   b - Passwall                       Transmutation/Earth          2
   c - Stone Arrow                    Conjuration/Earth            3
   d - Petrify                        Transmutation/Earth          4
   e - Lee's Rapid Deconstruction     Earth                        5
 M - a book of Necromancy

   Spells                             Type                      Level
   a - Pain                           Necromancy                   1
   b - Animate Skeleton               Necromancy                   1
   c - Vampiric Draining              Necromancy                   3
   d - Regeneration                   Charms/Necromancy            3
   e - Animate Dead                   Necromancy                   4
   f - Control Undead                 Necromancy                   4
 N - a book of Minor Magic

   Spells                             Type                      Level
   a - Magic Dart                     Conjuration                  1
   b - Blink                          Translocation                2
   c - Call Imp                       Summoning                    2
   d - Slow                           Hexes                        2
   e - Conjure Flame                  Conjuration/Fire             3
   f - Mephitic Cloud                 Conjuration/Poison/Air       3
 O - a book of Cantrips

   Spells                             Type                      Level
   a - Confusing Touch                Hexes                        1
   b - Animate Skeleton               Necromancy                   1
   c - Summon Small Mammal            Summoning                    1
   d - Apportation                    Translocation                1
Comestibles
 c - 11 bread rations
 q - 16 meat rations
 s - 24 fruits
 S - a chunk of flesh
 U - 13 royal jellies


   Skills:
 + Level 18.8 Fighting
 - Level 14.0 Polearms
 - Level 12.0 Armour
 + Level 14.5 Dodging
 - Level 6.0 Translocations
 - Level 2.5 Invocations


You had 13 spell levels left.
You knew the following spells:

 Your Spells              Type           Power        Failure   Level  Hunger
a - Blink                 Tloc           N/A          3%          2    ###....
b - Apportation           Tloc           ###...       2%          1    ##.....


Dungeon Overview and Level Annotations

Branches:
Dungeon (15/15)              Lair (6/6) D:10         Shoals (0/4) Lair:2
 Spider (0/4) Lair:4        Slime (0/5) Lair:6          Orc (2/2) D:9
    Elf (3/3) Orc:2        Vaults (0/5) D:14         Depths (0/5) D:15
 Temple: D:4-7

Altars:
Dithmenos
Elyvilon
Makhleb
Qazlal
Ru
Beogh

Shops:
D:9 [(   D:10 [   D:14 *   Orc:2 [[[**   Elf:2 *

Annotations:
D:3 Barriton's ghost, amateur DsAK
D:6 karf's ghost, novice FoFi
Lair:1 exclusion: 2 oklob plants
Lair:3 exclusion: 2 oklob plants


Innate Abilities, Weirdness & Mutations

((You have a pair of antennae on your head.))
((You have claws for hands.))
((You have hooves in place of feet.))
((Your flesh is cold resistant. (rC+)))
You may emit foul miasma when damaged in melee.
You are immune to rotting.
You are immune to freezing clouds.


Message History

You convulse.
* * * LOW HITPOINT WARNING * * *
You impale the scimitar of holy wrath!!
The scimitar of holy wrath falls from the air.
Lugonu accepts your kill.
The deep elf annihilator casts a spell.
The deep elf annihilator blinks!
You swing at nothing.
You swing at nothing.
You swing at nothing.
You feel better.
You feel less invigorated.
Attack whom?
Press: ? - help, Dir - move target cursor, f - deep elf annihilator
Aim: a deep elf annihilator, wielding an enchanted short sword and wearing a leather armour You reach to attack!
You impale the deep elf annihilator!!
The deep elf annihilator looks as sick as possible!
The deep elf annihilator is moderately wounded.
The deep elf annihilator gestures at you while chanting.
The crystal spear hits you!
You die...

##.####.#..# #{#
#..[. #.........#
#§# #.###
######.#.## #§#
#.# # #.#.#
#§#####.###
#.#.####§##.......
#..§§§§§§##..###..
###§#######.#...#.
###e# #.#.⌠.#.
#♣)§# #.#...#≈
##### #.≈###≈≈
#..≈≈≈≈≈ #..≈≈≈≈≈
##.≈###≈≈
#..#...#≈
##.#.⌠.#. #
#.#...#. #.
#..###..


You could see a deep elf annihilator.

Vanquished Creatures
  Rupert (Lair:5)
  A deep elf master archer (Elf:3)
  3 deep elf blademasters
  6 deep elf sorcerers
  2 deep elf elementalists (Elf:3)
  3 deep elf demonologists (Elf:3)
  A large abomination (Elf:3)
  3 deep elf annihilators
  5 dire elephants (Lair:6)
  Josephine (Lair:5)
  2 deep elf death magi (Elf:3)
  A yaktaur captain (D:15)
  A minotaur (Lab)
  Fannar (Lair:3)
  A vault guard (D:14)
  2 deep elf high priests
  7 hydras
  2 catoblepae (Lair:4)
  3 centaur warriors
  An anaconda (Lair:6)
  A death knight (D:12)
  Erica (D:11)
  29 dancing weapons
  4 ogre magi (Orc:2)
  17 two-headed ogres
  6 death yaks (Lair:4)
  31 deep elf knights
  A skeletal warrior (D:12)
  A hell knight (Volcano)
  A wizard (D:15)
  12 deep elf archers
  2 unseen horrors
  Pikel (D:4)
  A phantasmal warrior (D:11)
  59 deep elf magi
  An orc sorcerer (Orc:1)
  14 ugly things
  An orb spider (shapeshifter) (Elf:1)
  2 manticores
  A cyclops (Orc:2)
  6 black mambas
  13 elephants
  A merfolk siren (Lair:2)
  Psyche (D:8)
  2 gargoyles
  6 spiny frogs
  A freezing wraith (D:12)
  2 komodo dragons
  7 rime drakes
  A minotaur zombie (Lab)
  A kobold demonologist (D:11)
  A yaktaur (D:15)
  4 trolls
  A queen bee (Lair:3)
  A polar bear (Lair:6)
  3 hornets
  5 slime creatures (D:13)
  7 blink frogs
  13 hippogriffs
  A spriggan (D:7)
  A shadow (D:7)
  An air elemental (Elf:2)
  11 wyverns
  54 yaks
  7 wraiths
  10 basilisks
  2 fire elementals
  Grum (D:9)
  2 hungry ghosts (D:10)
  A steam dragon (D:11)
  Edmund (D:4)
  10 water moccasins
  6 porcupines
  3 sky beasts
  22 orc warriors
  2 eyes of draining
  2 black bears
  13 ice beasts
  2 phantoms (D:6)
  A necrophage (D:5)
  7 boggarts (D:14)
  33 ogres
  20 wolves
  16 centaurs
  10 crocodiles
  Blork the orc (D:4)
  6 big kobolds
  17 bullfrogs
  2 gnoll sergeants (D:9)
  4 earth elementals
  A wyvern zombie (D:11)
  A scorpion (D:11)
  A wyvern skeleton (D:14)
  A water moccasin skeleton (D:9)
  31 killer bees
  5 wights (D:6)
  5 electric eels
  3 howler monkeys
  3 crimson imps
  4 hounds
  4 centaur zombies
  6 jellies
  A lava snake (D:15)
  2 bullfrog zombies
  4 centaur skeletons
  3 gnoll shamans
  10 orc priests
  16 orc wizards
  6 iguanas
  6 bullfrog skeletons
  6 worker ants
  A hound skeleton (D:5)
  17 gnolls
  9 adders
  7 river rats
  4 shadow imps
  3 oozes
  3 adder skeletons
  5 worms
  A dart slug (D:3)
  7 leopard geckos
  76 orcs
  3 giant cockroaches
  7 goblins
  9 hobgoblins
  15 jackals
  33 kobolds
  6 quokkas
  4 ball pythons
  4 bats
  5 frilled lizards
  A leopard gecko skeleton (D:6)
  A quokka skeleton (D:9)
  25 rats
  A fungus (Lair:4)
  5 plants (Lair:6)
949 creatures vanquished.

Vanquished Creatures (others)
  A deep elf annihilator (Elf:3)
  A dancing weapon (Elf:2)
  2 deep elf magi (Elf:2)
  2 yaktaurs (Volcano)
  An air elemental (Elf:2)
  2 fire elementals
  A boggart (D:14)
  A centaur (Volcano)
  2 hounds
  A leopard gecko (D:4)
  A kobold (D:11)
  17 fungi
  26 plants
58 creatures vanquished.

Grand Total: 1007 creatures vanquished

Notes
Turn   | Place    | Note
-------+----------+-------------------------------------------
     0 | Abyss:1  | drevant the Demonspawn Abyssal Knight began the quest for the Orb.
     0 | Abyss:1  | Reached XP level 1. HP: 18/18 MP: 2/2
    64 | Abyss:1  | Noticed a large abomination
    67 | D:1      | Escaped the Abyss
   102 | D:1      | Reached skill level 1 in Dodging
   119 | D:1      | Reached * piety under Lugonu
   227 | D:1      | Gained mutation: Your flesh is cold resistant. (rC+) [demonic ancestry]
   227 | D:1      | Reached XP level 2. HP: 22/24 MP: 3/3
   859 | D:2      | Reached XP level 3. HP: 29/29 MP: 4/4
  1703 | D:3      | Noticed Barriton's ghost (amateur DsAK)
  2017 | D:3      | Reached XP level 4. HP: 33/35 MP: 5/5
  2075 | D:3      | Found a glowing drain.
  2135 | D:3      | Reached ** piety under Lugonu
  2153 | Sewer    | Entered a sewer
  2482 | Sewer    | Noticed a big kobold
  2508 | Sewer    | Killed a big kobold
  2508 | Sewer    | Gained mutation: You have large cloven feet. [demonic ancestry]
  2508 | Sewer    | Reached XP level 5. HP: 17/42 MP: 6/6
  2724 | Sewer    | Reached skill level 4 in Fighting
  3301 | Sewer    | Gained mutation: You are immune to rotting. [demonic ancestry]
  3301 | Sewer    | Reached XP level 6. HP: 35/48 MP: 7/7
  3507 | Sewer    | Reached *** piety under Lugonu
  4159 | D:4      | Noticed a sky beast
  4166 | D:4      | Killed a sky beast
  4166 | D:4      | Reached skill level 5 in Polearms
  4166 | D:4      | Gained mutation: You may emit foul miasma when damaged in melee. [demonic ancestry]
  4166 | D:4      | Reached XP level 7. HP: 28/55 MP: 8/8
  4505 | D:4      | Reached skill level 5 in Fighting
  4965 | D:4      | Noticed Pikel
  4997 | D:4      | Killed Pikel
  4997 | D:4      | Gained mutation: You have a pair of small antennae on your head. [demonic ancestry]
  4997 | D:4      | Reached XP level 8. HP: 61/64 MP: 9/9
  5087 | D:4      | Noticed Blork the orc
  5099 | D:4      | Killed Blork the orc
  5102 | D:4      | Noticed Edmund
  5115 | D:4      | Killed Edmund
  5115 | D:4      | Reached skill level 6 in Fighting
  5115 | D:4      | Reached skill level 5 in Armour
  5258 | D:4      | Got a scorched ring mail
  5269 | D:4      | Identified the +5 ring mail of Fekome {*Drain Str+5} (You found it on level 4 of the Dungeon)
  5573 | D:5      | Entered Level 5 of the Dungeon
  5905 | D:5      | Reached **** piety under Lugonu
  6386 | D:5      | Gained mutation: You have sharp fingernails. [demonic ancestry]
  6386 | D:5      | Reached XP level 9. HP: 70/71 MP: 10/10
  7083 | D:6      | Noticed karf's ghost (novice FoFi)
  7344 | D:6      | Reached skill level 7 in Fighting
  7358 | D:6      | Noticed a two-headed ogre
  7387 | D:6      | Killed a two-headed ogre
  7554 | D:6      | Found a white marble altar of Elyvilon.
  7556 | D:6      | Found a stormy altar of Qazlal.
  8804 | D:7      | Gained mutation: You are immune to freezing clouds. [demonic ancestry]
  8804 | D:7      | Reached XP level 10. HP: 32/80 MP: 11/11
  9222 | D:8      | Noticed Psyche
  9230 | D:8      | Killed Psyche
  9230 | D:8      | Reached skill level 8 in Fighting
  9491 | D:8      | Noticed a two-headed ogre
  9497 | D:8      | Killed a two-headed ogre
  9497 | D:8      | Reached skill level 10 in Polearms
  9818 | D:8      | Found a sacrificial altar of Ru.
 10199 | D:9      | Found Arakeh's Armour Shoppe.
 10201 | D:9      | Found a staircase to the Orcish Mines.
 10216 | D:9      | Found Qoidduf's Weapon Shoppe.
 10221 | D:9      | Reached ***** piety under Lugonu
 10368 | D:9      | Found a shadowy altar of Dithmenos.
 10467 | D:9      | Noticed a two-headed ogre
 10489 | D:9      | Noticed Grum
 11183 | D:9      | Killed Grum
 11597 | D:9      | Reached skill level 9 in Fighting
 11797 | D:9      | Killed a two-headed ogre
 11797 | D:9      | Gained mutation: You have a pair of antennae on your head. [demonic ancestry]
 11797 | D:9      | Reached XP level 11. HP: 58/89 MP: 12/12
 12572 | D:10     | Entered Level 10 of the Dungeon
 13227 | D:10     | Noticed a two-headed ogre
 13236 | D:10     | Killed a two-headed ogre
 13298 | D:10     | Found a staircase to the Lair.
 13369 | D:10     | Noticed a two-headed ogre
 13384 | D:10     | Killed a two-headed ogre
 13495 | D:10     | Found Nuubluedgh's Antique Armour Emporium.
 13770 | D:11     | Noticed a two-headed ogre
 13781 | D:10     | Killed a two-headed ogre
 13925 | D:11     | Reached skill level 10 in Fighting
 14173 | D:11     | Noticed a deep elf mage
 14182 | D:11     | Killed a deep elf mage
 14367 | D:11     | Reached ****** piety under Lugonu
 14391 | D:11     | Killed an unseen horror
 14470 | D:11     | Reached XP level 12. HP: 88/98 MP: 13/13
 14573 | D:11     | Noticed a four-headed hydra
 14580 | D:11     | Killed a four-headed hydra
 14888 | D:11     | Noticed Erica
 14895 | D:11     | Killed Erica
 15286 | Lair:1   | Entered Level 1 of the Lair of Beasts
 15742 | Lair:1   | Noticed a four-headed hydra
 15754 | Lair:1   | Killed a four-headed hydra
 16170 | Lair:2   | Noticed an eight-headed hydra
 16178 | Lair:2   | Killed an eight-headed hydra
 16493 | Lair:2   | Reached skill level 11 in Fighting
 16495 | Lair:2   | Reached skill level 10 in Armour
 17318 | Lair:2   | Found a staircase to the Shoals.
 18309 | Lair:3   | Noticed a six-headed hydra
 18319 | Lair:3   | Killed a six-headed hydra
 18449 | Lair:3   | Reached XP level 13. HP: 61/106 MP: 14/14
 18919 | Lair:3   | Noticed Fannar
 18930 | Lair:3   | Killed Fannar
 18962 | Lair:3   | Reached skill level 12 in Fighting
 20606 | Lair:4   | Found a hole to the Spider Nest.
 20951 | Lair:4   | HP: 5/109 [yak (2)]
 22199 | Lair:4   | Reached skill level 13 in Fighting
 22701 | Lair:4   | Learned a level 2 spell: Blink
 22907 | Lair:5   | Found a dark tunnel.
 22921 | Volcano  | Entered a volcano
 23170 | Volcano  | Reached skill level 1 in Translocations
 23530 | Volcano  | Found a radiant altar of Vehumet.
 23693 | Lair:5   | Noticed Josephine
 23711 | Lair:5   | Killed Josephine
 24112 | Lair:5   | Noticed Rupert
 24163 | Lair:5   | Killed Rupert
 24163 | Lair:5   | Gained mutation: You have very sharp fingernails. [demonic ancestry]
 24163 | Lair:5   | Reached XP level 14. HP: 65/118 MP: 15/15
 25207 | Lair:6   | Entered Level 6 of the Lair of Beasts
 26308 | Lair:6   | Reached skill level 5 in Dodging
 26969 | Lair:6   | Found a staircase to the Slime Pits.
 29296 | Lair:6   | HP: 3/119 [dire elephant (26)]
 30566 | Orc:1    | Entered Level 1 of the Orcish Mines
 30727 | Orc:2    | Entered Level 2 of the Orcish Mines
 30984 | Orc:2    | Found a burning altar of Makhleb.
 31299 | Orc:2    | Found Hevvihic's Armour Shoppe.
 31397 | Orc:2    | Found Qaups's Assorted Antiques.
 31397 | Orc:2    | Found Gubu's Armour Boutique.
 31397 | Orc:2    | Found Suafyraf's Assorted Antiques.
 31397 | Orc:2    | Found Boziuxel's Armour Shoppe.
 31615 | Orc:2    | Reached skill level 5 in Translocations
 31624 | Orc:2    | Reached skill level 14 in Fighting
 32737 | Orc:2    | Gained mutation: You have hoof-like feet. [demonic ancestry]
 32737 | Orc:2    | Reached XP level 15. HP: 127/127 MP: 16/16
 32758 | Orc:2    | Found a staircase to the Elven Halls.
 32808 | Orc:2    | Bought a smoking spear for 176 gold pieces
 32808 | Orc:2    | Bought a brightly glowing chain mail for 209 gold pieces
 32808 | Orc:2    | Bought a scroll of identify for 44 gold pieces
 32812 | Orc:2    | Identified the +9 spear of the Vaults {elec, rC- Dex+4 Stlth+} (You bought it in a shop on level 2 of the Orcish Mines)
 32831 | Orc:2    | Identified the +0 chain mail of Zoloefob {+Inv rF++ MR- Dex+2} (You bought it in a shop on level 2 of the Orcish Mines)
 32836 | Orc:2    | Bought a scroll of identify for 62 gold pieces
 32836 | Orc:2    | Bought a potion of heal wounds for 155 gold pieces
 32836 | Orc:2    | Bought a smoky puce potion for 27 gold pieces
 32934 | Elf:1    | Entered Level 1 of the Elven Halls
 35468 | D:12     | Found a roughly hewn altar of Beogh.
 35721 | D:13     | Reached skill level 15 in Fighting
 35739 | D:13     | Found a labyrinth entrance.
 35748 | Lab      | Entered a labyrinth
 36883 | Lab      | Identified the Grimoire of Hurtful Transformation
 36937 | Lab      | Got a jewelled demon blade
 36940 | D:13     | Identified the +7 demon blade of Massacring {drain, rF+ Dex+7} (You found it in a labyrinth)
 37079 | D:13     | Learned a level 1 spell: Apportation
 39123 | D:14     | Reached skill level 10 in Dodging
 39966 | D:14     | Found Laxzad's Changing Room.
 40031 | D:14     | Found a gate to the Vaults.
 40462 | D:15     | Entered Level 15 of the Dungeon
 40833 | D:15     | Found a stormy altar of Qazlal.
 40861 | D:15     | Found a staircase to the Depths.
 41585 | D:15     | Reached skill level 16 in Fighting
 42453 | Orc:2    | Gained mutation: You have claws for hands. [demonic ancestry]
 42453 | Orc:2    | Reached XP level 16. HP: 94/138 MP: 17/17
 43207 | Elf:1    | Identified the cursed +0 chain mail of Mezcal {rC+} (You found it on level 1 of the Elven Halls)
 46475 | Elf:2    | Found a gateway to a bazaar.
 47000 | Elf:2    | Cast into level 4 of the Abyss (a deep elf sorcerer)
 47022 | Abyss:4  | Found a corrupted altar of Lugonu.
 47024 | Elf:2    | Escaped the Abyss
 47032 | Elf:2    | Reached skill level 17 in Fighting
 48293 | Elf:2    | Found Veelotuu's Assorted Antiques.
 48301 | Elf:2    | Bought a scroll of blinking for 187 gold pieces
 48301 | Elf:2    | Bought a scroll of identify for 50 gold pieces
 48957 | Elf:2    | Found a huge runed gate.
 48957 | Elf:2    | Found a huge runed gate.
 48958 | Elf:2    | Found a huge runed gate.
 48962 | Elf:2    | Found a huge runed gate.
 48966 | Elf:2    | Found a huge runed gate.
 49201 | Elf:2    | Noticed a deep elf blademaster
 49214 | Elf:2    | Killed a deep elf blademaster
 50412 | Elf:2    | Gained mutation: You have hooves in place of feet. [demonic ancestry]
 50412 | Elf:2    | Reached XP level 17. HP: 143/149 MP: 18/18
 51518 | Elf:3    | Entered Level 3 of the Elven Halls
 51797 | Elf:3    | Reached skill level 18 in Fighting
 52440 | Elf:3    | HP: 4/149 [deep elf knight/long sword (17)]
 54135 | Elf:3    | Noticed a deep elf blademaster
 54161 | Elf:3    | Killed a deep elf blademaster
 55071 | Elf:3    | Noticed a deep elf blademaster
 55114 | Elf:2    | Killed a deep elf blademaster
 55516 | Elf:3    | Got a coiled steel ring
 55555 | Elf:3    | Noticed a deep elf master archer
 55587 | Elf:3    | Killed a deep elf master archer
 55600 | Elf:3    | HP: 6/151 [scimitar of holy wrath (6)]
 55609 | Elf:3    | Killed from afar by a deep elf annihilator

Vault maps used:
D:1:      dpeg_arrival_houses_and_road
D:2:      kennysheep_six_static_rooms
D:3:      first_bread, portal_sewer_entry_b, fountainhead, minivault_19
D:4:      kennysheep_small_square, uniq_pikel, uniq_blork_the_orc, uniq_edmund
D:5:      grunt_ministairs_8
D:6:      hangedman_cross_stitches, chequers_temple_overflow_statue_of_worship,
          temple_green
D:7:      serial_glass, glass_columns_a, glass_columns_b, the_bakery
D:8:      hangedman_decor_lopped, nicolae_ru_great_annihilating_truth,
          uniq_psyche
D:9:      kennysheep_housing_project, orc_david_3, grunt_dithmenos_shadows,
          uniq_grum
D:10:     minmay_lair_entry_grove, serial_shops, nicolae_shop_stone
D:11:     uniq_erica
D:12:     special_room, lemuel_flame_loot_1
D:13:     lab_entry_generic
D:14:     david_vaults_5, patterned_corridor, nicolae_transmutations_shop
D:15:     grunt_enter_depths_snipers, minmay_misc_feat_four_crosses,
          nicolae_lava_and_water, nicolae_qazlal_eye_of_the_storm
Lair:1:   dpeg_oklob_gauntlet
Lair:2:   minmay_shoals_entry_lonely_mermaid, grunt_megastairs_1
Lair:3:   regret_index_tunnel_blossom, portal_ice_cave_entry_ice_beasts,
          beast_lair_carwin_8, minmay_lair_oklob_chamber, lemuel_fruit_tree,
          uniq_fannar
Lair:4:   beast_lair_carwin_large_4, spider_nest_entry_web_field
Lair:5:   nicolae_volcano_entry_s_turn, wad_woods_river_01, uniq_josephine,
          uniq_rupert
Lair:6:   due_jungle_book, slime_dummy, special_room,
          nicolae_quartered_pool_super, grunt_megastairs_3
Orc:1:    serial_shops, shop, basic_altar, chequers_guarded_unrand_ignorance
Orc:2:    st_orc_ogre_mass, basic_altar, serial_shops, nicolae_shop_crystal
Elf:1:    minmay_elf_arrival_circle, evilmike_minifort
Elf:2:    serial_shops, freezing_bzr, shop
Elf:3:    minmay_elf_hall_spiked, fountainhead, minmay_crystal_room,
          grunt_ministairs_11
Abyss:1:  lemuel_firewalk_3
Abyss:4:  abyss_greek_temple, doesnt_abyss_rune_brain_food
Lab:      labyrinth_hidden_loot, nicolae_lab_statue, nicolae_lab_quarters
Sewer:    sewer_minmay_treatment
Volcano:  kennysheep_volcano_temple

Skill      XL: |  1  2  3  4  5  6  7  8  9 10 11 12 13 14 15 16 17 |
---------------+----------------------------------------------------+-----
Dodging        | 1 3 7 10 13 14 | 14.5
Polearms       | 2 3 4 5 6 7 9 11 12 14 | 14.0
Armour         | 2 3 4 5 6 8 9 10 12 | 12.0
Fighting       | 4 5 6 7 9 10 11 13 14 16 17 18 | 18.8
Translocations | 2 6 |  6.0
Invocations    | |  2.5

Action                   |  1- 3 |  4- 6 |  7- 9 | 10-12 | 13-15 | 16-18 || total
-------------------------+-------+-------+-------+-------+-------+-------++-------
Melee: Spear             |   169 |   278 |       |   548 |  1713 |   785 ||  3493
       Kick              |       |    30 |   121 |   196 |   585 |   255 ||  1187
       Whip              |       |    60 |   312 |       |       |       ||   372
       Trident           |       |       |    65 |   168 |       |       ||   233
Throw: Javelin           |       |       |       |     3 |       |       ||     3
Invok: Depart the Abyss  |     1 |       |       |       |       |     1 ||     2
Evoke: Wand              |       |       |     7 |     2 |     4 |       ||    13
  Use: Scroll            |     1 |     4 |     6 |     8 |    28 |    12 ||    59
       Potion            |       |     6 |     4 |     4 |     7 |    11 ||    32
 Stab: Confused          |       |       |     2 |       |       |       ||     2
       Paralysed         |       |       |       |     1 |       |       ||     1
       Distracted        |       |       |       |     1 |       |     1 ||     2
       Petrifying        |       |       |       |       |     1 |       ||     1
       Petrified         |       |       |       |       |     1 |       ||     1
  Eat: Chunk             |     4 |     7 |    11 |    44 |    71 |    40 ||   177
       Fruit             |       |       |     3 |     1 |       |       ||     4
       Royal jelly       |       |       |     1 |       |       |       ||     1
       Meat ration       |       |       |       |       |       |     1 ||     1
Armor: Leather armour    |    32 |       |       |       |       |       ||    32
       Ring mail         |    24 |    96 |   129 |   137 |   281 |    68 ||   735
       Skin              |       |    38 |       |       |       |     3 ||    41
Dodge: Dodged            |    81 |   134 |   182 |   232 |   472 |   193 ||  1294

Table legend:
 A = Spawn XP
 B = Non-spawn XP
 C = Spawn XP percentage of total XP
 D = Spawn monster count
 E = Non-spawn monster count
 F = Spawn count percentage of total count
 G = Total turns spent on level
                    A         B        C        D         E        F      G
               +---------+---------+-------+---------+---------+-------+---------
         Total |       0 |  274305 |   0.0 |       0 |     946 |   0.0 | 55609
               +---------+---------+-------+---------+---------+-------+---------
           D:1 |       0 |      29 |   0.0 |       0 |      16 |   0.0 |   648
           D:2 |       0 |      35 |   0.0 |       0 |      13 |   0.0 |  1122
           D:3 |       0 |     163 |   0.0 |       0 |      28 |   0.0 |   751
           D:4 |       0 |    1476 |   0.0 |       0 |      16 |   0.0 |  1437
           D:5 |       0 |     710 |   0.0 |       0 |      18 |   0.0 |  1168
           D:6 |       0 |    2009 |   0.0 |       0 |      21 |   0.0 |  1465
           D:7 |       0 |    1049 |   0.0 |       0 |      20 |   0.0 |  1014
           D:8 |       0 |    2353 |   0.0 |       0 |      18 |   0.0 |  1295
           D:9 |       0 |    3146 |   0.0 |       0 |      55 |   0.0 |  2105
          D:10 |       0 |    5969 |   0.0 |       0 |      34 |   0.0 |  1489
          D:11 |       0 |    8569 |   0.0 |       0 |      58 |   0.0 |  1844
          D:12 |       0 |    6798 |   0.0 |       0 |      50 |   0.0 |  1382
          D:13 |       0 |    4719 |   0.0 |       0 |      23 |   0.0 |  1012
          D:14 |       0 |   10714 |   0.0 |       0 |      35 |   0.0 |  1430
          D:15 |       0 |    8173 |   0.0 |       0 |      15 |   0.0 |  1212
        Lair:1 |       0 |    3593 |   0.0 |       0 |      14 |   0.0 |   977
        Lair:2 |       0 |    5268 |   0.0 |       0 |      19 |   0.0 |  2081
        Lair:3 |       0 |   13325 |   0.0 |       0 |      81 |   0.0 |  2990
        Lair:4 |       0 |   13981 |   0.0 |       0 |      34 |   0.0 |  1992
        Lair:5 |       0 |    8509 |   0.0 |       0 |      22 |   0.0 |  3963
        Lair:6 |       0 |   21106 |   0.0 |       0 |      55 |   0.0 |  3571
         Orc:1 |       0 |    1790 |   0.0 |       0 |       7 |   0.0 |   630
         Orc:2 |       0 |   22235 |   0.0 |       0 |      85 |   0.0 |  3495
         Elf:1 |       0 |   30867 |   0.0 |       0 |      47 |   0.0 |  3919
         Elf:2 |       0 |   48459 |   0.0 |       0 |      61 |   0.0 |  5373
         Elf:3 |       0 |   45388 |   0.0 |       0 |      46 |   0.0 |  3741
           Lab |       0 |    1406 |   0.0 |       0 |       2 |   0.0 |  1191
         Sewer |       0 |     428 |   0.0 |       0 |      48 |   0.0 |  1548
       Volcano |       0 |    2038 |   0.0 |       0 |       5 |   0.0 |   673
               +---------+---------+-------+---------+---------+-------+---------
